 Dungeon Crawl Stone Soup version 0.28.0-1-gb440e238dd (webtiles) character file.

Game seed: 10366571828373419557

732 Ablot the Grasshopper (level 7, -4/56 HPs)
             Began as a Gnoll Warper on Feb 22, 2022.
             Killed from afar by a steam dragon (17 damage)
             ... with a ball of steam
             ... on level 4 of the Dungeon.
             The game lasted 00:10:40 (6457 turns).

Ablot the Grasshopper (Gnoll Warper)                Turns: 6457, Time: 00:10:42

Health: -4/56      AC:  4    Str: 13    XL:     7   Next: 73%
Magic:  13/15      EV: 13    Int: 12    God:
Gold:   148        SH:  0    Dex: 11    Spells: 15/17 levels left

rFire   . . .      SeeInvis .   g - +0 dagger (venom)
rCold   . . .      Faith    .   (no shield)
rNeg    . . .      Spirit   .   b - +0 leather armour
rPois   .          Reflect  .   n - +0 helmet
rElec   .          Harm     .   (no cloak)
rCorr   .          Rampage  .   (no gloves)
Will    .....                   (no boots)
Stlth   ++........              (no amulet)
HPRegen 0.18/turn               (no ring)
MPRegen 0.14/turn               (no ring)

@: no status effects
A: fangs 1, strong nose, distributed training
a: no special abilities


You were on level 4 of the Dungeon.
You visited 1 branch of the dungeon, and saw 4 of its levels.
You also visited: Sewer.

You collected 148 gold pieces.

Inventory:

Hand Weapons
 a - a +0 spear
 g - a +0 dagger of venom (weapon)
 k - a +0 hunting sling
 q - a +0 hand crossbow
Missiles
 d - 4 boomerangs of dispersal (quivered)
 e - 37 sling bullets
 f - 92 stones
 h - 48 bolts
 u - 3 boomerangs
Armour
 b - a +0 leather armour (worn)
 n - a +0 helmet (worn)
Jewellery
 i - a ring of fire
Scrolls
 c - 3 scrolls of blinking
 j - 3 scrolls of teleportation {unknown}
 l - 2 scrolls of identify {unknown}
 m - a scroll of enchant armour {unknown}
 o - 4 scrolls of fear {unknown}
 r - a scroll of enchant weapon {unknown}
Potions
 p - a potion of heal wounds {unknown}
 s - a potion of lignification {unknown}
 t - a potion of flight {unknown}
 v - a potion of degeneration {unknown}


   Skills:
 + Level 5.3 Fighting
 + Level 2.6 Short Blades
 + Level 2.6 Long Blades
 + Level 2.6 Axes
 + Level 2.6 Maces & Flails
 + Level 5.3 Polearms
 + Level 2.6 Staves
 + Level 2.6 Slings
 + Level 2.6 Bows
 + Level 2.6 Crossbows
 + Level 3.7 Throwing
 + Level 3.7 Armour
 + Level 5.3 Dodging
 + Level 2.6 Stealth
 + Level 2.6 Shields
 + Level 2.6 Unarmed Combat
 + Level 5.7 Spellcasting
 + Level 2.1 Conjurations
 + Level 2.1 Hexes
 + Level 2.1 Summonings
 + Level 2.1 Necromancy
 + Level 5.9 Translocations
 + Level 2.1 Transmutations
 + Level 2.1 Fire Magic
 + Level 2.1 Ice Magic
 + Level 2.1 Air Magic
 + Level 2.1 Earth Magic
 + Level 2.1 Poison Magic
 + Level 3.0 Invocations
 + Level 2.6 Evocations


You had 15 spell levels left.
You knew the following spells:

 Your Spells              Type           Power      Damage    Failure   Level
a - Blink                 Tloc           34%        N/A       3%          2

Your spell library contained the following spells:

 Spells                   Type           Power      Damage    Failure   Level
 Gell's Gravitas          Tloc           17%        N/A       6%          3
 Lesser Beckoning         Tloc           17%        N/A       6%          3
 Teleport Other           Tloc           17%        N/A       6%          3
 Magic Dart               Conj           32%        1d4       10%         1
 Pain                     Necr           32%        1d5       10%         1
 Portal Projectile        Hex/Tloc       26%        N/A       13%         3
 Searing Ray              Conj           16%        2d5       14%         2
 Ozocubu's Armour         Ice            8%         N/A       28%         3
 Manifold Assault         Tloc           17%        N/A       50%         5
 Fulminant Prism          Conj/Hex       4%         3d6       67%         4
 Agony                    Necr           8%         N/A       95%         5
 Blade Hands              Tmut           4%         N/A       95%         5
 Excruciating Wounds      Necr           4%         N/A       95%         5
 Ozocubu's Refrigeration  Ice            4%         4d5       100%        7


Dungeon Overview and Level Annotations

Branches:
Dungeon (4/15)              Sewer (visited)
 Temple: D:4-7

Altars:
Uskayaw
Xom

Annotations:
D:4 exclusion: door


Innate Abilities, Weirdness & Mutations

You have very sharp teeth.
Your uncanny sense of smell can sniff out nearby items.
Your experience applies equally to all skills.


Message History

You miss the water moccasin. You bite the water moccasin.
The water moccasin is moderately wounded.
The steam dragon misses you.
The steam dragon claws you but does no damage.
The water moccasin misses you.
You miss the water moccasin.
The water moccasin is moderately wounded.
The water moccasin misses you.
The steam dragon bites you but does no damage.
The steam dragon misses you.
You closely miss the water moccasin.
The water moccasin is lightly wounded.
The water moccasin bites you! The steam dragon misses you. x2
The water moccasin closely misses you.
You closely miss the water moccasin. Your bite misses the water moccasin.
The water moccasin is lightly wounded.
The water moccasin bites you. The steam dragon bites you!
The steam dragon claws you.
You miss the water moccasin.
The water moccasin is moderately wounded.
The water moccasin bites you. The steam dragon bites you.
* * * LOW HITPOINT WARNING * * *
The steam dragon closely misses you.
Casting: Blink (safe; 3% risk of failure)
Confirm with . or Enter, or press ? or * to list all spells.
You blink.
The water moccasin bites you.
* * * LOW HITPOINT WARNING * * *
There is an open door here.
You closely miss the water moccasin. You bite the water moccasin.
The water moccasin is moderately wounded.
The water moccasin misses you.
Unknown command.
You hit the water moccasin. Your bite misses the water moccasin.
The water moccasin is heavily wounded.
You feel stable enough to blink again. The water moccasin closely misses you.
The steam dragon breathes steam at you. The ball of steam hits you!
You die...

.###.########### ..##.#
..##.# ..##.# ..##.#
..##.### .......#
..##.#.##### ###########
.....#.#...###..@S.....###
.......#.8.'#...#§.....#[##
...###.#...#)÷.##D.....##.#
..## #.#...#..##'...###†..#
### #.'.8.+###.#...#.#...#
###...#.#..#...##....#
#...#..##+###......#
#.8.+##S. #.#......# #...#
####.......#


You could see a steam dragon (catching breath) and a water moccasin (very
poisoned).

Vanquished Creatures
  An ogre (D:4)
  3 scorpions (D:4)
  3 hounds (D:4)
  A bullfrog skeleton (D:4)
  An iguana (D:4)
  An orc wizard (D:4)
  A hell rat (Sewer)
  Robin (D:2)
  A howler monkey skeleton (D:4)
  4 adders
  4 gnolls
  3 river rats (Sewer)
  An adder skeleton (D:2)
  4 worms
  2 dart slugs (D:1)
  8 orcs
  8 ball pythons
  7 bats
  13 endoplasms
  7 giant cockroaches
  15 goblins
  8 hobgoblins
  8 jackals
  11 kobolds
  2 quokkas (D:4)
  7 frilled lizards
  8 rats
133 creatures vanquished.

Notes
Turn   | Place    | Note
-------+----------+-------------------------------------------
     0 | D:1      | Ablot the Gnoll Warper began the quest for the Orb.
     0 | D:1      | Reached XP level 1. HP: 20/20 MP: 6/6
   204 | D:1      | Reached XP level 2. HP: 26/26 MP: 7/7
   211 | D:1      | Learned a level 2 spell: Blink
   673 | D:1      | Found a faded altar of an unknown god.
   755 | D:1      | Reached XP level 3. HP: 30/31 MP: 9/9
   776 | D:1      | Reached skill level 5 in Spellcasting
  1563 | D:2      | Reached skill level 1 in Invocations
  1737 | D:2      | Reached skill level 1 in Short Blades
  1737 | D:2      | Reached skill level 1 in Long Blades
  1737 | D:2      | Reached skill level 1 in Axes
  1737 | D:2      | Reached skill level 1 in Maces & Flails
  1737 | D:2      | Reached skill level 1 in Staves
  1737 | D:2      | Reached skill level 1 in Slings
  1737 | D:2      | Reached skill level 1 in Bows
  1737 | D:2      | Reached skill level 1 in Crossbows
  1737 | D:2      | Reached skill level 1 in Stealth
  1737 | D:2      | Reached skill level 1 in Shields
  1737 | D:2      | Reached skill level 1 in Unarmed Combat
  1737 | D:2      | Reached skill level 1 in Evocations
  1841 | D:2      | Reached XP level 4. HP: 38/38 MP: 11/11
  2295 | D:2      | Reached skill level 1 in Conjurations
  2295 | D:2      | Reached skill level 1 in Hexes
  2295 | D:2      | Reached skill level 1 in Summonings
  2295 | D:2      | Reached skill level 1 in Necromancy
  2295 | D:2      | Reached skill level 1 in Transmutations
  2295 | D:2      | Reached skill level 1 in Fire Magic
  2295 | D:2      | Reached skill level 1 in Ice Magic
  2295 | D:2      | Reached skill level 1 in Air Magic
  2295 | D:2      | Reached skill level 1 in Earth Magic
  2295 | D:2      | Reached skill level 1 in Poison Magic
  2615 | D:2      | Noticed Robin
  2656 | D:2      | Killed Robin
  2940 | D:2      | Reached XP level 5. HP: 35/43 MP: 12/12
  4664 | D:4      | Found a hide-covered altar of Uskayaw.
  4679 | D:4      | Found a glowing drain.
  4730 | D:4      | Reached XP level 6. HP: 47/50 MP: 14/14
  4731 | Sewer    | Entered a sewer
  4773 | Sewer    | HP: 1/50 [river rat (4)]
  4775 | Sewer    | Reached skill level 5 in Fighting
  4775 | Sewer    | Reached skill level 5 in Polearms
  4775 | Sewer    | Reached skill level 5 in Dodging
  5497 | D:4      | Found a shimmering altar of Xom.
  5732 | D:4      | Reached XP level 7. HP: 43/56 MP: 15/15
  6008 | D:4      | Noticed a steam dragon
  6457 | D:4      | Killed from afar by a steam dragon

Illustrated notes

Levels and vault maps discovered:
D:1:      wander_arrival_desolate, layout_basic,
          shapermc_ecumenical_altar_acropolis
D:2:      minmay_angry_zag, layout_loops_ring, kennysheep_generic_room_12,
          uniq_robin
D:3:      layout_basic
D:4:      minmay_chambers_of_threes, layout_basic,
          nicolae_overflow_hidden_temple, lemuel_crystal_altar,
          portal_sewer_entry_f, serial_shops, nicolae_diamond_shop,
          minmay_misc_feat_secret_circle, grunt_ministairs_14,
          minmay_stone_trees_small

Skill      XL: |  1  2  3  4  5  6  7 |
---------------+----------------------+-----
Spellcasting   | 5 |  5.7
Invocations    | 1 2 3 |  3.0
Short Blades   | 1 2 |  2.6
Long Blades    | 1 2 |  2.6
Axes           | 1 2 |  2.6
Maces & Flails | 1 2 |  2.6
Staves         | 1 2 |  2.6
Slings         | 1 2 |  2.6
Bows           | 1 2 |  2.6
Crossbows      | 1 2 |  2.6
Stealth        | 1 2 |  2.6
Shields        | 1 2 |  2.6
Unarmed Combat | 1 2 |  2.6
Evocations     | 1 2 |  2.6
Conjurations   | 1 2 |  2.1
Hexes          | 1 2 |  2.1
Summonings     | 1 2 |  2.1
Necromancy     | 1 2 |  2.1
Transmutations | 1 2 |  2.1
Fire Magic     | 1 2 |  2.1
Ice Magic      | 1 2 |  2.1
Air Magic      | 1 2 |  2.1
Earth Magic    | 1 2 |  2.1
Poison Magic   | 1 2 |  2.1
Throwing       | 3 |  3.7
Armour         | 3 |  3.7
Fighting       | 5 |  5.3
Polearms       | 5 |  5.3
Dodging        | 5 |  5.3
Translocations | |  5.9

Action                   |  1- 3 |  4- 6 |  7- 9 || total
-------------------------+-------+-------+-------++-------
Melee: Spear             |    47 |       |    19 ||    66
       Bite              |    19 |    33 |    13 ||    65
       Dagger            |    98 |   316 |    77 ||   491
       Punch             |     1 |     5 |     6 ||    12
Throw: Boomerang         |       |       |     1 ||     1
 Cast: Blink             |       |       |     1 ||     1
  Use: Potion            |       |     1 |       ||     1
 Stab: Sleeping          |       |     1 |       ||     1
Armor: Leather armour    |    37 |    46 |    20 ||   103
Dodge: Dodged            |    78 |   167 |    41 ||   286
